Map: Neon Violet Square LE

Players

axu - Winner!

  • Race: Protoss Protoss
  • League: Platinum
  • Spawn Location: 11:00

Minimallove

  • Race: Protoss Protoss
  • League: Platinum
  • Spawn Location: 5:00

VOD

Have the link to the VOD?

Description

Time

  • Played on: May 5, 2018, 5:37 a.m.
  • Length: 6:53
Show
View Real Time Build Order
Export as new Build Order

axu Protoss - Winner!

Build Orders: Oracle Opening 

Get SALT Encoding   

  12  0:01  Probe  
  13  0:13  Probe  
  14  0:19  Pylon  
  14  0:28  Probe  
  15  0:40  Probe  
  16  0:44  Gateway  
  16  0:52  Assimilator, Probe  
  17  0:57  Assimilator  
  17  1:04  Probe  
  18  1:12  Probe  
  18  1:14  Gateway  
  19  1:20  Probe  
  20  1:33  Cybernetics Core  
  20  1:36  Probe  
  21  1:41  Pylon  
  21  1:55  Probe  
  21  1:59  Pylon  
  21  2:01  Adept x2  
  22  2:13  Warp Gate  
  26  2:18  Pylon  
  26  2:27  Stalker  
  28  2:33  Stalker  
  30  2:38  Probe  
  31  2:55  Probe  
  32  2:59  Stargate  
  32  3:35  Stalker x2  
  36  3:43  Gateway  
  36  3:46  Oracle  
  36  3:47  Gateway  
  35  4:17  Pylon  
  35  4:24  Stalker x2  
  39  4:48  Stalker  
  39  4:50  Stalker  
  39  5:20  Stalker  
  39  5:23  Stalker x2  
  39  5:24  Stalker  
  39  6:03  Stalker x3  
  39  6:04  Stalker  
Show
View Real Time Build Order
Export as new Build Order

Minimallove Protoss 

Build Orders:  

Get SALT Encoding   

  12  0:02  Probe  
  13  0:14  Probe  
  13  0:19  Pylon  
  14  0:26  Probe  
  15  0:38  Gateway  
  15  0:41  Probe  
  15  0:43  Assimilator  
  15  0:49  Probe  
  17  0:59  Probe  
  18  1:05  Pylon  
  18  1:11  Probe  
  19  1:23  Probe  
  20  1:25  Cybernetics Core  
  20  1:31  Assimilator  
  20  1:42  Probe  
  21  1:55  Probe  
  21  2:00  Nexus  
  22  2:03  Warp Gate  
  22  2:08  Probe  
  23  2:20  Probe  
  24  2:31  Gateway  
  24  2:33  Stalker  
  24  2:36  Probe  
  25  2:40  Pylon  
  27  2:48  Probe  
  28  3:01  Probe  
  29  3:10  Pylon  
  29  3:15  Stalker  
  31  3:26  Stalker  
  33  3:31  Probe  
  32  3:39  Probe  
  32  3:40  Stalker  
  32  3:49  Probe  
  32  3:54  Twilight Council  
  35  4:01  Probe  
  36  4:14  Blink, Probe  
  37  4:17  Shield Battery  
  37  4:18  Shield Battery  
  37  4:19  Stalker x2  
  37  4:21  Probe  
  42  4:29  Probe  
  43  4:34  Probe  
  43  4:37  Robotics Facility  
  44  4:41  Probe  
  44  4:44  Assimilator  
  45  4:46  Probe  
  46  4:53  Probe  
  46  4:58  Probe  
  48  5:04  Stalker x2  
  48  5:05  Probe  
  48  5:15  Immortal  
  40  5:34  Probe x2  
  35  5:42  Probe x2  
  29  5:44  Stalker  
  27  5:51  Probe  
  22  6:04  Probe  
  23  6:17  Stalker  
  21  6:33  Sentry  
Tags
 
Add a new tag
Caveats
  • Supply blocks, unpowered buildings, or Contaminate may cause inaccurate times.
  • Supply counts are checked every 10 seconds.